 Dungeon Crawl Stone Soup version 0.22-a0-580-gd5db89c (webtiles) character file.

126654 iamserjio the Tortoise (level 17, 11/121 HPs)
             Began as a Halfling Berserker on July 3, 2018.
             Was a Priest of Trog.
             Quit the game on level 4 of the Spider Nest.
             The game lasted 01:39:46 (9382 turns).

iamserjio the Tortoise (Halfling Berserker)         Turns: 9382, Time: 01:39:47

Health: 11/121     AC: 30    Str: 23    XL:     17   Next: 18%
Magic:  17/17      EV: 14    Int:  5    God:    Trog [***...]
Gold:   615        SH:  7    Dex: 16    Spells: 16/16 levels left

rFire    . . .     SeeInvis .   u - +6 eveningstar (drain)
rCold    + . .     Gourm    .   F - +0 buckler
rNeg     . . .     Faith    .   a - +0 crystal plate armour
rPois    +         Spirit   .   (no helmet)
rElec    .         Reflect  .   (no cloak)
rCorr    .         Harm     .   E - +1 pair of gloves
MR       ++++.                  I - +1 pair of boots of Eddoess {rC+}
Stlth    ..........             X - amulet of the acrobat
HPRegen  1.30/turn              K - ring of protection from magic
MPRegen  0.15/turn              V - ring of poison resistance

@: berserk cooldown, regenerating
A: small, mutation resistance 1
}: 1/15 runes: decaying
a: Berserk, Trog's Hand, Renounce Religion


You were on level 4 of the Spider Nest.
You worshipped Trog.
Trog was most pleased with you.
You were not hungry.

You visited 5 branches of the dungeon, and saw 27 of its levels.
You also visited: Ossuary.

You collected 1864 gold pieces.
You spent 1249 gold pieces at shops.

Inventory:

Hand Weapons
 s - a +2 hand axe of electrocution
 u - a +6 eveningstar of draining (weapon)
Missiles
 o - 3 needles of confusion
Armour
 a - a +0 crystal plate armour (worn)
 f - a +0 plate armour
 E - a +1 pair of gloves (worn)
 F - a +0 buckler (worn)
 I - the +1 pair of boots of Eddoess (worn) {rC+}
   (You found it on level 6 of the Lair of Beasts)

   It protects you from cold.
Jewellery
 b - an uncursed ring of protection from fire
 K - a ring of protection from magic (left hand)
 M - an uncursed amulet of magic regeneration
 O - an uncursed ring of protection from cold
 U - the ring of Egomania {MR- Int+4 SInv}
   (You found it on level 3 of the Lair of Beasts)

   [ring of see invisible]

   It affects your intelligence (+4).
   It affects your resistance to hostile enchantments.
   It lets you see invisible.
 V - a ring of poison resistance (right hand)
 W - an uncursed ring of ice
 X - an amulet of the acrobat (around neck)
Wands
 k - a wand of acid (5)
 w - a wand of polymorph (5)
 A - a wand of flame (20)
 P - a wand of paralysis (4)
Scrolls
 j - 4 scrolls of remove curse {@r2}
 m - a scroll of holy word
 p - 2 scrolls of fog
 t - a scroll of summoning {unknown}
 x - 2 scrolls of immolation
 y - a scroll of amnesia {unknown}
 N - a scroll of random uselessness {unknown}
 R - 4 scrolls of teleportation
Potions
 d - a potion of resistance {unknown}
 e - a potion of flight {unknown}
 h - 6 potions of brilliance
 i - a potion of ambrosia {unknown}
 l - a potion of magic {unknown}
 n - 3 potions of haste
 q - a potion of mutation {unknown}
 r - 2 potions of lignification
 v - a potion of cancellation {unknown}
 z - a potion of might
 Q - 2 potions of berserk rage {unknown}
Miscellaneous
 g - a box of beasts
Comestibles
 c - 22 rations


   Skills:
 * Level 12.5 Fighting
 - Level 13.4(14.4) Axes
 * Level 8.3(11.4) Maces & Flails
 + Level 16.8 Armour
 - Level 12.0 Dodging
 - Level 9.1 Shields


You had 16 spell levels left.
You didn't know any spells.
Your spell library contained the following spells:

 Spells                   Type           Power        Failure   Level  Hunger
 Cause Fear               Hex            #.........   100%        4    #####..
 Lightning Bolt           Conj/Air       #.........   100%        5    ######.
 Confuse                  Hex            #.......     100%        3    ####...
 Teleport Other           Tloc           #.......     100%        3    ####...
 Blink                    Tloc           N/A          100%        2    ###....
 Animate Dead             Necr           N/A          100%        4    #####..
 Tukima's Dance           Hex            #.......     100%        3    ####...
 Summon Demon             Summ           #.........   100%        5    ######.
 Shock                    Conj/Air       #...         100%        1    ##.....
 Swiftness                Chrm/Air       #.......     100%        2    ###....
 Recall                   Summ/Tloc      N/A          100%        3    ####...
 Death Channel            Necr           #.........   100%        6    #######
 Deflect Missiles         Chrm/Air       #.........   100%        6    #######
 Airstrike                Air            #.........   100%        4    #####..
 Shadow Creatures         Summ           N/A          100%        6    #######
 Confusing Touch          Hex            #.....       100%        1    ##.....
 Ensorcelled Hibernation  Hex/Ice        #.....       100%        2    ###....
 Metabolic Englaciation   Hex/Ice        #.........   100%        5    ######.
 Silence                  Hex/Air        #.........   100%        5    ######.
 Static Discharge         Conj/Air       #.......     100%        3    ####...
 Corona                   Hex            #......      100%        1    ##.....
 Simulacrum               Ice/Necr       #.........   100%        6    #######
 Petrify                  Tmut/Erth      #.......     100%        4    #####..
 Passage of Golubria      Tloc           N/A          100%        4    #####..
 Shroud of Golubria       Chrm/Tloc      #.........   100%        2    ###....
 Aura of Abjuration       Summ           #.........   100%        5    ######.
 Dazzling Spray           Conj/Hex       #.....       100%        3    ####...
 Discord                  Hex            #.........   100%        8    #######
 Summon Forest            Summ/Tloc      #.........   100%        5    ######.
 Summon Mana Viper        Hex/Summ       #.......     100%        5    ######.
 Gell's Gravitas          Tloc           #.........   100%        3    ####...
 Yara's Violent Unravell  Hex/Tmut       #.........   100%        5    ######.
 Lesser Beckoning         Tloc           #.........   100%        3    ####...
 Borgnjor's Vile Clutch   Necr/Erth      #.........   100%        5    ######.


Dungeon Overview and Level Annotations

Branches:
Dungeon (11/15)            Temple (0/1) D:7            Lair (6/6) D:10
  Swamp (4/4) Lair:4       Spider (4/4) Lair:4        Slime (0/5) Lair:6
    Orc (2/2) D:9             Elf (0/3) Orc:2

Altars:
Cheibriados
Dithmenos
Elyvilon
Gozag
Kikubaaqudgha
Nemelex Xobeh
Trog
Uskayaw
Vehumet
Xom
Zin
Jiyva

Shops:
D:8 %   D:9 [*   D:10 [   Orc:2 *:}(%*

Annotations:
Lair:5 3 runed doors, Xeddua's ghost, journeyman MiBe
Spider:4 Mara


Innate Abilities, Weirdness & Mutations

You are small and have problems with some larger weapons.
You are somewhat resistant to further mutation.


Message History

There is a stone staircase leading down here.
Okay, then.
The wolf spider hits you.
* * * LOW HITPOINT WARNING * * *
The wolf spider bites you!
* * * LOW HITPOINT WARNING * * *
The orb spider begins to weave its threads into a brightly glowing ball.
The wolf spider barely misses you.
The wolf spider bites you but does no damage.
You climb downwards. 5 spiders, Mara, an entropy weaver and a meliai come into view.
Mara is wielding a demon trident of draining.
You found a web!
The orb spider hisses angrily.
The entropy weaver twitches its antennae in your direction.
You hear an angry hiss.
You hear an angry buzzing noise.
You hear an angry hiss.
Found four items.
Found a stone staircase leading up.
There is a stone staircase leading up here.
Are you sure you want to abandon this character and quit the game? (Confirm with "yes".)

.........<.....
.............y.
..$............
........^.....s
.......^.......
.........!.....
....ss.........
.......@.......
......sa.......
...............
...=...R...^...
...............
...............
..^.........≈≈.
..%.........s.s


You could see Mara, an entropy weaver, a wolf spider, an orb spider, 4 redbacks
and a meliai.

Vanquished Creatures
  the Lernaean hydra (Swamp:4)
  An entropy weaver (Spider:2)
  A stone giant (Orc:2)
  Azrael (Orc:2)
  A spark wasp (Spider:1)
  Josephine (Orc:2)
  Fannar (Lair:2)
  23 hydras
  4 catoblepae
  An ogre mage (Orc:2)
  10 alligators
  9 two-headed ogres
  10 death yaks (Lair:6)
  An iron troll (Orc:2)
  An unseen horror (Lair:1)
  8 swamp dragons
  A deep troll (Orc:2)
  7 orb spiders (Spider:1)
  An orc sorcerer (Orc:1)
  9 wolf spiders
  2 cyclopes (Orc:2)
  A manticore (Lair:6)
  A moth of wrath (Spider:1)
  8 elephants (Lair:5)
  A black mamba (Lair:5)
  A gargoyle (D:10)
  10 spiny frogs
  2 centaur skeletons (D:11)
  5 demonic crawlers
  2 rime drakes (Lair:6)
  6 komodo dragons
  4 hornets
  11 trolls
  12 jumping spiders
  6 tyrant leeches
  4 bog bodies
  18 blink frogs
  4 hippogriffs
  A raiju (Spider:3)
  18 dream sheep
  39 redbacks
  A spriggan (Swamp:3)
  33 yaks
  5 wraiths (Orc:2)
  12 tarantellas
  4 wyverns
  3 fire elementals (Orc:2)
  2 basilisks
  A hungry ghost (D:9)
  14 vampire mosquitoes
  8 swamp worms
  2 wargs
  7 water moccasins
  3 porcupines
  4 hell hounds (Orc:2)
  12 orc warriors
  2 sky beasts
  An ice beast (D:10)
  2 black bears
  10 swamp drakes
  A phantom (D:6)
  21 ogres
  10 wolves
  5 centaurs
  8 crocodiles
  A big kobold (D:11)
  7 bullfrogs
  A wyvern zombie (D:6)
  A gnoll sergeant (Orc:2)
  7 scorpions
  5 killer bees (D:10)
  A troll zombie (Ossuary)
  9 wights
  An electric eel (Lair:4)
  3 howler monkeys
  A crimson imp (D:5)
  5 centaur zombies
  2 hounds
  A bullfrog zombie (D:7)
  6 orc priests
  2 bullfrog skeletons
  2 jellies
  An iguana (D:8)
  5 worker ants
  16 orc wizards
  An ogre zombie (Ossuary)
  A hound zombie (D:5)
  2 hound skeletons
  7 mummies (Ossuary)
  A howler monkey zombie (D:6)
  4 worker ant zombies
  9 gnolls
  9 adders
  A shadow imp (D:9)
  6 oozes
  5 adder zombies
  2 adder skeletons
  A worm (D:3)
  A dart slug (D:3)
  2 leopard geckos
  59 orcs
  7 bats
  2 giant cockroaches
  4 goblins
  2 hobgoblins
  4 jackals
  6 quokkas
  A ball python skeleton (D:4)
  3 frilled lizards
  2 gnoll zombies (Ossuary)
  5 goblin zombies (Ossuary)
  3 hobgoblin zombies (Ossuary)
  13 kobolds
  6 kobold zombies (Ossuary)
  A leopard gecko skeleton (D:8)
  3 quokka zombies (Ossuary)
  A rat (D:1)
  3 rat zombies (Ossuary)
673 creatures vanquished.

Vanquished Creatures (collateral kills)
  A manticore (Lair:6)
  A komodo dragon (Lair:6)
2 creatures vanquished.

Vanquished Creatures (others)
  A wolf spider (Spider:1)
  3 jumping spiders (Spider:1)
  A fire elemental (Orc:2)
  An adder (D:10)
  An orc (Orc:1)
  11 fungi
  9 plants (Lair:6)
27 creatures vanquished.

Grand Total: 702 creatures vanquished

Notes
Turn   | Place    | Note
-------+----------+-------------------------------------------
     0 | D:1      | iamserjio the Halfling Berserker began the quest for the Orb.
     0 | D:1      | Reached XP level 1. HP: 15/15 MP: 1/1
    37 | D:1      | Reached XP level 2. HP: 20/20 MP: 2/2
    92 | D:1      | Reached XP level 3. HP: 14/25 MP: 3/3
   208 | D:3      | Reached skill level 3 in Armour
   372 | D:3      | Found a faded altar of an unknown god.
   378 | D:3      | Noticed a bullfrog
   386 | D:3      | Killed a bullfrog
   386 | D:3      | Reached ** piety under Trog
   386 | D:3      | Reached XP level 4. HP: 31/31 MP: 4/4
   386 | D:3      | Reached XP level 5. HP: 36/36 MP: 5/5
   480 | D:5      | Entered Level 5 of the Dungeon
   526 | D:5      | Reached skill level 4 in Armour
   572 | D:5      | Found a radiant altar of Vehumet.
   664 | D:5      | Reached XP level 6. HP: 42/42 MP: 6/6
   679 | D:5      | Noticed an ogre
   721 | D:5      | Killed an ogre
   725 | D:5      | Reached XP level 7. HP: 42/46 MP: 7/7
   753 | D:5      | Reached skill level 5 in Axes
   762 | D:5      | Found a sand-covered staircase.
   771 | D:5      | Reached skill level 5 in Armour
   779 | Ossuary  | Entered an ossuary
  1167 | Ossuary  | Reached XP level 8. HP: 45/54 MP: 8/8
  1304 | D:4      | Reached skill level 6 in Armour
  1358 | D:4      | Reached *** piety under Trog
  1821 | D:6      | Reached skill level 7 in Armour
  1821 | D:6      | Reached skill level 5 in Dodging
  1821 | D:6      | Reached XP level 9. HP: 37/59 MP: 9/9
  1855 | D:7      | Found a staircase to the Ecumenical Temple.
  2010 | D:7      | Reached skill level 5 in Fighting
  2090 | D:6      | Found a shadowy altar of Dithmenos.
  2155 | D:7      | Reached skill level 8 in Armour
  2284 | D:8      | Found a white marble altar of Elyvilon.
  2347 | D:8      | Noticed a dagger
  2348 | D:8      | Noticed a hand axe
  2350 | D:8      | Found a hide-covered altar of Uskayaw.
  2372 | D:8      | Found an ancient bone altar of Kikubaaqudgha.
  2418 | D:8      | Found Ebla's Food Shoppe.
  2423 | D:8      | Bought a ration for 65 gold pieces
  2423 | D:8      | Bought a ration for 65 gold pieces
  2423 | D:8      | Bought a ration for 65 gold pieces
  2560 | D:8      | Found a shimmering altar of Xom.
  2561 | D:8      | Noticed an angel
  2562 | D:8      | Found a glowing silver altar of Zin.
  2582 | D:8      | Found a bloodstained altar of Trog.
  2582 | D:8      | Found a sparkling altar of Nemelex Xobeh.
  2583 | D:8      | Found a snail-covered altar of Cheibriados.
  2608 | D:9      | Found Zedaerex's Assorted Antiques.
  2624 | D:9      | Reached XP level 10. HP: 63/66 MP: 10/10
  2625 | D:9      | Found a staircase to the Orcish Mines.
  2629 | D:9      | Found Emerhen's Armour Emporium.
  2669 | D:9      | Bought a yellow potion for 27 gold pieces
  2669 | D:9      | Bought a yellow potion for 27 gold pieces
  2679 | Orc:1    | Entered Level 1 of the Orcish Mines
  2701 | Orc:1    | Reached skill level 9 in Armour
  2707 | Orc:1    | Noticed an orc sorcerer
  2717 | Orc:1    | Noticed a rust devil
  2721 | Orc:1    | Killed an orc sorcerer
  2731 | Orc:1    | Reached **** piety under Trog
  2897 | D:9      | Bought a +0 pair of gloves for 54 gold pieces
  2897 | D:9      | Bought a +0 buckler for 54 gold pieces
  2964 | D:10     | Entered Level 10 of the Dungeon
  3023 | D:9      | Noticed an ice devil
  3023 | D:9      | Noticed an ice devil
  3023 | D:9      | Noticed an ice devil
  3024 | D:9      | Noticed an ice devil
  3025 | D:9      | Noticed an ice devil
  3027 | D:9      | Noticed an ice devil
  3038 | D:9      | You fall through a shaft!
  3040 | D:10     | Noticed a gargoyle
  3052 | D:10     | Killed a gargoyle
  3052 | D:10     | Reached skill level 1 in Shields
  3135 | D:10     | Reached skill level 10 in Armour
  3184 | D:10     | Reached XP level 11. HP: 58/73 MP: 11/11
  3193 | D:10     | Found an opulent altar of Gozag.
  3486 | D:11     | Noticed a two-headed ogre
  3492 | D:11     | Killed a two-headed ogre
  3497 | D:11     | Reached skill level 10 in Axes
  3559 | D:11     | Reached ***** piety under Trog
  3717 | D:10     | Found Ene Taej's Armour Shoppe.
  3769 | D:10     | Found a staircase to the Lair.
  3780 | Lair:1   | Entered Level 1 of the Lair of Beasts
  3786 | Lair:1   | Killed an unseen horror
  3802 | Lair:1   | Reached skill level 11 in Armour
  3921 | Lair:1   | You fall through a shaft!
  4006 | Lair:3   | Noticed an eight-headed hydra
  4020 | Lair:3   | Killed an eight-headed hydra
  4020 | Lair:3   | Reached XP level 12. HP: 45/81 MP: 12/12
  4095 | Lair:3   | Got a flickering amber ring
  4097 | Lair:3   | Identified the ring of Egomania {MR- Int+4 SInv} (You found it on level 3 of the Lair of Beasts)
  4161 | Lair:2   | Noticed Fannar
  4179 | Lair:2   | Killed Fannar
  4179 | Lair:2   | Reached skill level 12 in Armour
  4179 | Lair:2   | Reached skill level 5 in Shields
  4242 | Lair:4   | Found a staircase to the Swamp.
  4372 | Lair:5   | Noticed Xeddua's ghost (journeyman MiBe)
  4374 | Lair:5   | Noticed a minotaur
  4395 | Lair:5   | Found a runed gate.
  4395 | Lair:5   | Found a runed gate.
  4459 | Lair:5   | Received a gift from Trog
  4607 | Lair:5   | Reached XP level 13. HP: 88/88 MP: 13/13
  4616 | Lair:5   | Reached skill level 13 in Armour
  4627 | Lair:6   | Entered Level 6 of the Lair of Beasts
  4650 | Lair:6   | HP: 1/89 [komodo dragon (47)]
  4742 | Lair:6   | Noticed an eight-headed hydra
  4747 | Lair:6   | Received a gift from Trog
  4754 | Lair:6   | Killed an eight-headed hydra
  4754 | Lair:6   | Reached skill level 10 in Dodging
  4893 | Lair:6   | Found a viscous altar of Jiyva.
  4893 | Lair:6   | Found a staircase to the Slime Pits.
  4917 | Lair:6   | Noticed a seven-headed hydra
  4928 | Lair:6   | Killed a seven-headed hydra
  4982 | Lair:6   | Reached skill level 14 in Armour
  5135 | Lair:6   | Reached XP level 14. HP: 59/97 MP: 14/14
  5461 | Lair:6   | Got a pair of polished boots
  5479 | Lair:6   | Identified the +1 pair of boots of Eddoess {rC+} (You found it on level 6 of the Lair of Beasts)
  5641 | Lair:5   | Found a runed gate.
  5741 | Lair:4   | Found a hole to the Spider Nest.
  5981 | Orc:2    | Entered Level 2 of the Orcish Mines
  6155 | Orc:2    | Noticed Josephine
  6164 | Orc:2    | Killed Josephine
  6165 | Orc:2    | Found Ofuleluxea's Assorted Antiques.
  6254 | Orc:2    | Bought a bubbling purple potion for 27 gold pieces
  6254 | Orc:2    | Bought a scroll of teleportation for 93 gold pieces
  6254 | Orc:2    | Bought a scroll labeled WYTHRI MAQI for 31 gold pieces
  6254 | Orc:2    | Bought a scroll of teleportation for 93 gold pieces
  6262 | Orc:2    | Found a staircase to the Elven Halls.
  6296 | Orc:2    | Noticed Azrael
  6302 | Orc:2    | Reached skill level 15 in Armour
  6321 | Orc:2    | Killed Azrael
  6335 | Orc:2    | Noticed a stone giant
  6351 | Orc:2    | Killed a stone giant
  6440 | Orc:2    | Found Riurirr's Food Boutique.
  6445 | Orc:2    | Received a gift from Trog
  6635 | Orc:2    | Reached XP level 15. HP: 96/103 MP: 15/15
  6697 | Orc:2    | Reached skill level 10 in Fighting
  6757 | Orc:2    | Found Coffez's Antique Weapon Shoppe.
  6761 | Orc:2    | Found Venitaaha's Book Boutique.
  6762 | Orc:2    | Found Ishatis's Gadget Shoppe.
  6779 | Orc:2    | Found Xihiys's Assorted Antiques.
  6803 | Orc:2    | Bought a runed eveningstar for 396 gold pieces
  6819 | Orc:2    | Bought a scroll of teleportation for 84 gold pieces
  6819 | Orc:2    | Bought a potion of heal wounds for 140 gold pieces
  6819 | Orc:2    | Bought a scroll labeled KANUSTR DUIFI KYAQ for 28 gold pieces
  7090 | Swamp:1  | Entered Level 1 of the Swamp
  7172 | Swamp:2  | Reached skill level 1 in Maces & Flails
  7458 | Swamp:4  | Entered Level 4 of the Swamp
  7750 | Swamp:4  | Reached skill level 16 in Armour
  7763 | Swamp:4  | Received a gift from Trog
  7771 | Swamp:4  | Noticed the 27-headed Lernaean hydra
  7780 | Swamp:4  | Killed the 27-headed Lernaean hydra
  7785 | Swamp:4  | Reached XP level 16. HP: 56/111 MP: 16/16
  7870 | Swamp:4  | Reached skill level 5 in Maces & Flails
  7947 | Swamp:4  | Got a decaying rune of Zot
  8363 | Spider:1 | Entered Level 1 of the Spider Nest
  8445 | Spider:1 | HP: 4/114 [redback (8)]
  9110 | Spider:1 | Reached XP level 17. HP: 105/119 MP: 17/17
  9381 | Spider:4 | Entered Level 4 of the Spider Nest
  9381 | Spider:4 | Noticed Mara
  9382 | Spider:4 | Quit the game

Vault maps used:
D:1:      roderic_chinese_lattice_arrival
D:2:      serial_glass, glass_columns_a, glass_columns_a
D:3:      chequers_ecumenical_altar_simple_redux, first_ration
D:4:      old_forge, bh_chokoban
D:5:      lemuel_doored_altar, nicolae_ossuary_entry_ruins
D:6:      kennysheep_kobold_camp, grunt_dithmenos_smoke, serial_undead,
          serial_undead_d, serial_undead_d, serial_undead_f, serial_undead_b,
          serial_undead_c, serial_undead_c
D:7:      yredelemnul_altar_generic, minmay_temple_entry_statues_pillars,
          the_bakery
D:8:      grunt_temple_overflow_order_and_chaos_1, elyvilon_altar_5,
          gammafunk_temple_overflow_forgotten, dancing_weapons_uskayaw,
          kiku_gazebo_garden_becter, serial_shops, nicolae_shop_stone,
          lemuel_blue_sif_altar
D:9:      cheibrodos_frozen_isle, orc_david_3, serial_shops,
          nicolae_shop_overgrown_old_shop
D:10:     lair_entry_dummy, serial_shops, shop, nicolae_gozag_seed_capital
D:11:     minmay_distorted_concentric_squares, uniq_harold
Lair:1:   statuecave_lemuel, grunt_megastairs_3
Lair:2:   uniq_fannar
Lair:3:   gammafunk_ghost_ooze, bh_autumn_forest_stairs, roderic_batcave,
          serial_bayou_shore_a
Lair:4:   swamp_mist_pool, spider_nest_entry_web_field
Lair:5:   maelrawn_ghost_labyrinth_escape
Lair:6:   evilmike_catoblepas_cave, dpeg_slime_entry_enclosed_altar,
          nicolae_volcano_entry_batcave
Swamp:1:  evilmike_swamp_ruin_rubble_1, swamp_pool1, nicolae_swamp_godswood
Swamp:2:  evilmike_swamp_ruin_house_6, swamp_pool4
Swamp:3:  nicolae_swamp_very_dense_foliage, infiniplex_staircase_pool
Swamp:4:  swamp_old_school
Spider:2: spider_trap, zaba_antful_of_joy
Spider:3: nicolae_orb_stairs
Spider:4: grunt_spider_rune_circles, uniq_nikola, uniq_aizul, uniq_louise,
          uniq_arachne, uniq_mara
Orc:2:    st_orc_open, serial_shops, shop, shop_statue, mines2_lemuel,
          uniq_josephine, uniq_azrael
Ossuary:  ossuary_boxes_badplayer

Skill      XL: |  1  2  3  4  5  6  7  8  9 10 11 12 13 14 15 16 17 |
---------------+----------------------------------------------------+-----
Armour         | 3 4 5 7 8 10 11 12 14 15 16 | 16.8
Fighting       | 3 4 5 6 7 8 9 10 12 | 12.5
Axes           | 4 5 6 8 9 10 11 12 13 | 13.4
Dodging        | 3 4 5 6 7 8 9 10 11 12 | 12.0
Shields        | 1 4 6 7 9 |  9.1
Maces & Flails | 4 7 8 |  8.3

Action                   |  1- 3 |  4- 6 |  7- 9 | 10-12 | 13-15 | 16-18 || total
-------------------------+-------+-------+-------+-------+-------+-------++-------
Melee: Hand axe          |    63 |    75 |   275 |   420 |   655 |       ||  1488
       War axe           |       |       |   204 |     7 |       |       ||   211
       Flail             |       |       |    21 |       |       |       ||    21
       Morningstar       |       |       |       |    15 |    23 |       ||    38
       Eveningstar       |       |       |       |       |   222 |   495 ||   717
Invok: Berserk           |     2 |     3 |    10 |    14 |    16 |    12 ||    57
       Trog's Hand       |       |     3 |    12 |    16 |    46 |    38 ||   115
       Brothers in Arms  |       |       |       |       |     2 |       ||     2
Evoke: Wand              |       |       |       |     6 |     8 |    22 ||    36
  Use: Scroll            |       |     3 |     7 |     5 |    16 |     4 ||    35
       Potion            |       |       |     2 |     4 |    11 |     3 ||    20
 Stab: Distracted        |       |       |     1 |       |       |       ||     1
       Invisible         |       |       |       |     2 |    47 |       ||    49
       Paralysed         |       |       |       |       |     6 |       ||     6
       Confused          |       |       |       |       |     1 |       ||     1
  Eat: Chunk             |       |     4 |    17 |    26 |    27 |    17 ||    91
       Ration            |       |       |     1 |     1 |     6 |     4 ||    12
Armor: Ring mail         |    23 |    33 |    86 |       |       |       ||   142
       Chain mail        |       |       |   117 |    12 |       |       ||   129
       Plate armour      |       |       |       |   245 |   189 |       ||   434
       Crystal plate arm |       |       |       |       |   270 |   692 ||   962
Dodge: Dodged            |    55 |    66 |   445 |   331 |   804 |   744 ||  2445
Block: Buckler           |       |       |       |   108 |   352 |   354 ||   814

Table legend:
 A = Spawn XP
 B = Non-spawn XP
 C = Spawn XP percentage of total XP
 D = Spawn monster count
 E = Non-spawn monster count
 F = Spawn count percentage of total count
 G = Total turns spent on level
                    A         B        C        D         E        F      G
               +---------+---------+-------+---------+---------+-------+---------
         Total |       0 |  162364 |   0.0 |       0 |     681 |   0.0 |  9382
               +---------+---------+-------+---------+---------+-------+---------
           D:1 |       0 |      43 |   0.0 |       0 |      13 |   0.0 |   145
           D:2 |       0 |      15 |   0.0 |       0 |       8 |   0.0 |   140
           D:3 |       0 |     123 |   0.0 |       0 |       8 |   0.0 |   196
           D:4 |       0 |     588 |   0.0 |       0 |      22 |   0.0 |   374
           D:5 |       0 |     457 |   0.0 |       0 |      15 |   0.0 |   392
           D:6 |       0 |     637 |   0.0 |       0 |      17 |   0.0 |   217
           D:7 |       0 |     970 |   0.0 |       0 |      30 |   0.0 |   333
           D:8 |       0 |     643 |   0.0 |       0 |      13 |   0.0 |   339
           D:9 |       0 |     990 |   0.0 |       0 |      21 |   0.0 |   390
          D:10 |       0 |    1667 |   0.0 |       0 |      28 |   0.0 |   456
          D:11 |       0 |    2763 |   0.0 |       0 |      17 |   0.0 |   211
        Lair:1 |       0 |    2075 |   0.0 |       0 |       8 |   0.0 |   189
        Lair:2 |       0 |    3142 |   0.0 |       0 |      11 |   0.0 |   242
        Lair:3 |       0 |    3613 |   0.0 |       0 |      16 |   0.0 |   247
        Lair:4 |       0 |    2108 |   0.0 |       0 |       7 |   0.0 |   239
        Lair:5 |       0 |    9390 |   0.0 |       0 |      31 |   0.0 |   375
        Lair:6 |       0 |   28109 |   0.0 |       0 |      79 |   0.0 |   938
       Swamp:1 |       0 |    1885 |   0.0 |       0 |       6 |   0.0 |   129
       Swamp:2 |       0 |    8017 |   0.0 |       0 |      20 |   0.0 |   256
       Swamp:3 |       0 |   14046 |   0.0 |       0 |      30 |   0.0 |   388
       Swamp:4 |       0 |   25657 |   0.0 |       0 |      33 |   0.0 |   464
      Spider:1 |       0 |   21717 |   0.0 |       0 |      67 |   0.0 |   795
      Spider:2 |       0 |    5423 |   0.0 |       0 |      15 |   0.0 |    81
      Spider:3 |       0 |    3464 |   0.0 |       0 |      12 |   0.0 |   142
         Orc:1 |       0 |    2666 |   0.0 |       0 |      36 |   0.0 |   460
         Orc:2 |       0 |   21762 |   0.0 |       0 |      81 |   0.0 |   775
       Ossuary |       0 |     394 |   0.0 |       0 |      37 |   0.0 |   468
               +---------+---------+-------+---------+---------+-------+---------
